 Dungeon Crawl Stone Soup version 0.20.1-1-g8b1a95d (webtiles) character file.

204 leoctania the Stinger (level 6, -5/42 HPs)
             Began as a Formicid Venom Mage on July 15, 2017.
             Slain by an orc warrior
             ... wielding a +0 glaive
              (27 damage)
             ... on level 3 of the Dungeon.
             The game lasted 00:27:06 (3137 turns).

leoctania the Stinger (Formicid Venom Mage)         Turns: 3137, Time: 00:27:07

Health: -5/42      AC:  7    Str: 13    XL:     6   Next: 9%
Magic:  6/10       EV:  9    Int: 16    God:
Gold:   135        SH:  0    Dex: 11    Spells: 5/11 levels left

rFire    . . .     SeeInvis +   g - +0 short sword (curse)
rCold    . . .     Gourm    .   (no shield)
rNeg     . . .     Faith    .   h - +1 scale mail
rPois    .         Spirit   .   (helmet unavailable)
rElec    .         Reflect  .   (no cloak)
rCorr    .         Harm     .   (no gloves)
MR       .....                  (no boots)
Stlth    +.........             (no amulet)
Regen    0.2/turn               (no ring)
MPRegen  0.2/turn               (no ring)

@: very slightly contaminated
A: permanent stasis, dig shafts and tunnels, four strong arms, antennae 3
a: Dig, Shaft Self


You were on level 3 of the Dungeon.
You were not hungry.

You visited 1 branch of the dungeon, and saw 3 of its levels.

You collected 135 gold pieces.

Inventory:

Hand Weapons
 e - a +1 short sword
 g - a cursed +0 short sword (weapon)
 l - a +0 whip
 o - a +0 spear
 r - a cursed +0 flail
Missiles
 d - 286 stones (quivered)
 i - 36 arrows
 m - 19 bolts
Armour
 a - a +0 robe
 h - a +1 scale mail (worn)
 k - a cursed -2 chain mail
 q - a +0 cloak
Scrolls
 j - a scroll of identify
 p - 2 scrolls of teleportation
 s - a scroll of blinking
Books
 b - a Young Poisoner's Handbook

   Spells                             Type                      Level
   a - Sting                          Conjuration/Poison           1
   b - Poisonous Vapours              Poison/Air                   2
   c - Mephitic Cloud                 Conjuration/Poison/Air       3
   d - Olgreb's Toxic Radiance        Poison                       4
   e - Venom Bolt                     Conjuration/Poison           5
 f - a book of Misfortune

   Spells                             Type                      Level
   a - Confusing Touch                Hexes                        1
   b - Confuse                        Hexes                        3
   c - Gell's Gravitas                Translocation                3
   d - Petrify                        Transmutation/Earth          4
   e - Metabolic Englaciation         Hexes/Ice                    5
   f - Yara's Violent Unravelling     Hexes/Transmutation          5
Comestibles
 c - a bread ration
 n - a royal jelly


   Skills:
 + Level 0.9 Fighting
 + Level 0.8 Short Blades
 + Level 0.9 Armour
 + Level 2.2 Dodging
 + Level 3.3 Stealth
 + Level 3.2 Spellcasting
 + Level 2.4 Conjurations
 + Level 5.3 Poison Magic


You had 5 spell levels left.
You knew the following spells:

 Your Spells              Type           Power        Failure   Level  Hunger
a - Sting                 Conj/Pois      ##..         19%         1    None
b - Poisonous Vapours     Pois/Air       ##....       41%         2    ##.....
c - Mephitic Cloud        Conj/Pois/Air  ##......     67%         3    ###....


Dungeon Overview and Level Annotations

Branches:
Dungeon (3/15)

Altars:


Innate Abilities, Weirdness & Mutations

You cannot be hasted, slowed, berserked, paralysed or teleported.
You can dig through walls and to a lower floor.
Your four strong arms can wield two-handed weapons with a shield.
You have a pair of large antennae on your head. (SInv)


Message History

Aim: an orc warrior, wielding a glaive and wearing a chain mail You miscast Sting.
Your skin glows momentarily.
The orc warrior hits you from afar with a glaive!!
You aren't carrying any potions.
Your stasis prevents you from teleporting.
Casting: Sting
Confirm with . or Enter, or press ? or * to list all spells.
Aiming: Sting
Press: ? - help, Shift-Dir - straight line, f/p - orc warrior
Aim: an orc warrior, wielding a glaive and wearing a chain mail The sting misses the orc warrior.
The orc warrior barely misses you.
Casting: Sting
Confirm with . or Enter, or press ? or * to list all spells.
Aiming: Sting
Press: ? - help, Shift-Dir - straight line, f/p - orc warrior
Aim: an orc warrior, wielding a glaive and wearing a chain mail The sting hits the orc warrior.
The orc warrior appears unharmed.
The orc warrior hits you from afar with a glaive!!
Ouch! That really hurt!
You die...

..... ## .... ..
#... .# . #.#
#...#.# .. #.#
#...#.# ... #.#
.###..o#.##....
#.# ....o.o.....#
#.# ... #..#
#.###.... #@.#
#...r.... #..#
#<.oo.... #..#
#........ #..#
#....#### #..#
#....# #..###
#############..#.#
#........#.#
#######..#.#


You could see an orc warrior and an orc.

Vanquished Creatures
  A bullfrog (D:3)
  Terence (D:2)
  5 adders
  2 dart slugs
  A leopard gecko (D:3)
  7 orcs
  4 giant cockroaches
  8 goblins
  6 hobgoblins
  10 kobolds
  A quokka (D:2)
  A ball python (D:2)
  7 bats
  2 frilled lizards
  4 rats
60 creatures vanquished.

Notes
Turn   | Place    | Note
-------+----------+-------------------------------------------
     0 | D:1      | leoctania the Formicid Venom Mage began the quest for the Orb.
     0 | D:1      | Reached XP level 1. HP: 13/13 MP: 3/3
   209 | D:1      | Reached skill level 1 in Conjurations
   210 | D:1      | Reached XP level 2. HP: 19/19 MP: 0/5
   932 | D:2      | Reached XP level 3. HP: 17/24 MP: 4/6
  1388 | D:2      | Reached XP level 4. HP: 30/30 MP: 1/7
  1616 | D:2      | Noticed Terence
  1689 | D:2      | Killed Terence
  1844 | D:3      | Noticed an orc warrior
  2093 | D:2      | Reached skill level 5 in Poison Magic
  2149 | D:3      | Reached XP level 5. HP: 21/35 MP: 5/9
  2750 | D:3      | Learned a level 2 spell: Poisonous Vapours
  2754 | D:3      | Learned a level 3 spell: Mephitic Cloud
  3030 | D:3      | Noticed a bullfrog
  3040 | D:3      | Killed a bullfrog
  3040 | D:3      | Reached XP level 6. HP: 30/42 MP: 10/10
  3137 | D:3      | Slain by an orc warrior

Skill      XL: |  1  2  3  4  5 |
---------------+----------------+-----
Conjurations   | 1 2 |  2.4
Dodging        | 2 |  2.2
Stealth        | 3 |  3.3
Poison Magic   | 5 |  5.3
Spellcasting   | 3 |  3.2
Fighting       | |  0.9
Short Blades   | |  0.8
Armour         | |  0.9

Action                   |  1- 3 |  4- 6 || total
-------------------------+-------+-------++-------
Melee: Short sword       |    30 |    62 ||    92
 Cast: Sting             |    42 |    63 ||   105
  Use: Scroll            |     5 |     6 ||    11
       Potion            |       |     3 ||     3
 Stab: Sleeping          |     1 |       ||     1
  Eat: Bread ration      |     1 |     1 ||     2
Armor: Robe              |     6 |     1 ||     7
       Scale mail        |       |    73 ||    73
Dodge: Dodged            |    22 |    91 ||   113
